 Dungeon Crawl Stone Soup version 0.28-a0-662-g1651b1f1e0 (webtiles) character file.

Game seed: 9187911365204687848

123 cheechan the Cudgeller (level 5, -3/54 HPs)
             Began as an Octopode Berserker on Oct 14, 2021.
             Was a Believer of Trog.
             Slain by a hobgoblin (5 damage)
             ... led by Robin
             ... while paralysed by Grinder
             ... on level 3 of the Dungeon.
             The game lasted 00:06:55 (2454 turns).

cheechan the Cudgeller (Octopode Berserker)         Turns: 2454, Time: 00:06:55

Health: -3/54      AC:  1    Str: 17    XL:     5   Next: 7%
Magic:  5/5        EV:  2    Int:  9    God:    Trog [**....]
Gold:   33         SH:  0    Dex: 12    Spells: 4/4 levels left

rFire   . . .      SeeInvis .   a - +0 mace
rCold   . . .      Faith    .   b - +0 tower shield
rNeg    . . .      Spirit   .   (helmet restricted)
rPois   .          Reflect  .   (no amulet)
rElec   .          Harm     .   (no ring)
rCorr   .          Rampage  .   (no ring)
Will    .....                   (no ring)
Stlth   ..........              (no ring)
HPRegen 0.18/turn               (no ring)
MPRegen 0.09/turn               (no ring)
                                (no ring)
                                (no ring)

@: paralysed, berserking
A: almost no armour, amphibious, 8 rings, camouflage 1, gelatinous body 1,
(nimble swimmer 1), tentacles
a: Renounce Religion, Berserk, Trog's Hand


You were on level 3 of the Dungeon.
You worshipped Trog.
Trog was pleased with you.
You visited 1 branch of the dungeon, and saw 3 of its levels.

You collected 33 gold pieces.

Inventory:

Hand Weapons
 a - a +0 mace (weapon)
 k - a +2 quarterstaff of chaos
 m - a +1 vampiric dagger
Missiles
 c - 50 stones
 d - 12 sling bullets
 e - 39 arrows
 f - 5 javelins
 g - 19 poisoned darts (quivered)
 h - 2 boomerangs
Armour
 b - a +0 tower shield (worn)
Wands
 i - a wand of mindburst (9)
Potions
 j - a potion of lignification {unknown}
 l - a potion of curing {unknown}


   Skills:
 + Level 3.5 Fighting
 + Level 4.1 Maces & Flails
 + Level 3.6 Dodging
 + Level 2.3 Stealth
 + Level 1.1 Shields


You had 4 spell levels left.
You didn't know any spells.
Your spell library was empty.

Dungeon Overview and Level Annotations

Branches:
Dungeon (3/15)

Altars:

Annotations:
D:3 Grinder, Robin


Innate Abilities, Weirdness & Mutations

You cannot wear most types of armour.
You are amphibious.
You can wear up to eight rings at the same time.
Your skin changes colour to match your surroundings (Stealth+).
Your rubbery body absorbs attacks. (AC +1, EV +1)
((You are camouflaged near water. (Stealth+)))
You have tentacles for arms and can constrict up to eight enemies at once.


Message History

You suddenly lose the ability to move!
Grinder gestures at you. Pain shoots through your body! Grinder hits you.
Grinder hits you!
You writhe in agony.
Grinder hits you.
* * * LOW HITPOINT WARNING * * *
Robin of the Strong Arm comes into view.
They are wielding a +4 dagger of venom.
Grinder gestures at you.
You barely resist.
You can move again.
A red film seems to cover your vision as you go berserk!
You feel yourself moving faster!
You feel mighty! Grinder hits you.
* * * LOW HITPOINT WARNING * * *
You writhe in agony.
* * * LOW HITPOINT WARNING * * *
You thump Grinder! Your grab misses Grinder.
Grinder is moderately wounded.
Robin roars a battlecry!
The goblins go into a battle-frenzy!
Grinder gestures at you.
You shrug off the repeated paralysis!
You closely miss Grinder. You grab Grinder.
Grinder is moderately wounded.
You constrict Grinder. You block Grinder's attack.
A goblin comes into view. It is wielding a +0 dagger.
You hit Grinder.
Grinder is heavily wounded.
You constrict Grinder.
Grinder blinks free!
A goblin comes into view. It is wielding a +0 dagger.
You bludgeon the goblin!!
You kill the goblin!
Trog accepts your kill. Grinder gestures at you.
You suddenly lose the ability to move!
Robin throws the goblin at you!
* * * LOW HITPOINT WARNING * * *
The goblin hits you with a +0 dagger.
* * * LOW HITPOINT WARNING * * *
The hobgoblin hits you.
You die...

#......#######.#..
#.... #.#..
#..###########.#..
#............#.#..
#.##########.#.#..
#.# ######.#.#..
#5# #........#..
#g# #.####.#####
#@# #.....# #g#
#.#.#.# #g#
#.#.#.# #.# #....#
# #g. ###### #.#
#g# #.#


You could see Grinder, Robin, 2 hobgoblins and 2 goblins.

Vanquished Creatures
  Crazy Yiuf (D:2)
  An iguana (D:2)
  A worm (D:2)
  A dart slug (D:1)
  6 bats
  7 endoplasms
  A giant cockroach (D:1)
  5 hobgoblins
  7 jackals (D:1)
  6 kobolds
  6 quokkas
  6 ball pythons
  5 frilled lizards
  6 goblins
  2 rats (D:2)
61 creatures vanquished.

Vanquished Creatures (others)
  A fungus (D:2)
1 creature vanquished.

Grand Total: 62 creatures vanquished

Notes
Turn   | Place    | Note
-------+----------+-------------------------------------------
     0 | D:1      | cheechan the Octopode Berserker began the quest for the
                  | Orb.
     0 | D:1      | Reached XP level 1. HP: 16/16 MP: 1/1
    95 | D:1      | Reached XP level 2. HP: 17/21 MP: 2/2
   451 | D:1      | Reached XP level 3. HP: 26/26 MP: 3/3
   584 | D:1      | Reached skill level 1 in Stealth
   779 | D:1      | Reached ** piety under Trog
  1237 | D:2      | Found a runed translucent door.
  1238 | D:2      | Noticed Crazy Yiuf
  1248 | D:2      | Killed Crazy Yiuf
  1249 | D:2      | Reached XP level 4. HP: 12/31 MP: 4/4
  1976 | D:2      | Reached skill level 4 in Maces & Flails
  1976 | D:2      | Reached skill level 1 in Shields
  1976 | D:2      | Reached XP level 5. HP: 16/36 MP: 5/5
  2437 | D:3      | Noticed Grinder
  2444 | D:3      | Paralysed by Grinder for 5 turns
  2447 | D:3      | Noticed Robin
  2453 | D:3      | Paralysed by Grinder for 2 turns
  2454 | D:3      | HP: 2/54 [goblin[Robin] (6)]
  2454 | D:3      | Slain by a hobgoblin

Illustrated notes

Levels and vault maps discovered:
D:1:      eino_arrival_cavern_e, layout_loops_ring
D:2:      layout_rooms, uniq_crazy_yiuf_cottage
D:3:      minmay_razor_zed, layout_basic, lemuel_blue_sif_altar,
          nicolae_qazlal_eye_of_the_storm,
          hellmonk_ecumenical_altar_arch_garden, hellmonk_ghost_happy_afterlife,
          minmay_misc_feat_rows, uniq_robin, uniq_sigmund, uniq_grinder

Skill      XL: |  1  2  3  4 |
---------------+-------------+-----
Stealth        | 2 |  2.3
Maces & Flails | 4 |  4.1
Shields        | 1 |  1.1
Fighting       | |  3.5
Dodging        | |  3.6

Action                   |  1- 3 |  4- 6 || total
-------------------------+-------+-------++-------
Melee: Mace              |    76 |    42 ||   118
       Constrict         |    16 |    11 ||    27
       Tentacles         |    12 |     5 ||    17
Invok: Berserk           |     2 |     2 ||     4
  Use: Scroll            |     5 |     1 ||     6
 Stab: Sleeping          |     8 |     4 ||    12
Armor: Skin              |     5 |     8 ||    13
Dodge: Dodged            |    39 |    17 ||    56
Block: Tower shield      |    25 |    25 ||    50

Table legend: (Time is in decaauts)
 A = Elapsed time spent in this place.
 B = Non-inter-level travel time spent in this place.
 C = Inter-level travel time spent in this place.
 D = Time resting spent in this place.
 E = Time spent auto-exploring this place.
 F = Levels seen in this place.
 G = Mean time per level.
                   A        B        C        D        E       F      G
               +--------+--------+--------+--------+--------+-----+--------+
         Total |   2542 |   2542 |      0 |   1029 |      0 |   3 |  847.3 |
       Dungeon |   2542 |   2542 |      0 |   1029 |      0 |   3 |  847.3 |
               +--------+--------+--------+--------+--------+-----+--------+

Top non-repeatable levels by time:
     D:2: 1541 daAuts
     D:1: 889 daAuts
     D:3: 110 daAuts
